 Dungeon Crawl Stone Soup version 0.16-a0-3940-gf8a207b (webtiles) character file.

2273 MDvedh the Destroyer (level 9, -6/45 HPs)
             Began as a Deep Elf Conjurer on Feb 7, 2015.
             Was a Follower of Vehumet.
             Mangled by a wyvern zombie (11 damage)
             ... on level 6 of the Dungeon.
             The game lasted 00:17:28 (7840 turns).

MDvedh the Destroyer (Deep Elf Conjurer)            Turns: 7840, Time: 00:17:28

Health: -6/45      AC:  3    Str:  5    XL:     9   Next: 16%
Magic:  0/29       EV: 15    Int: 24    God:    Vehumet [*.....]
Gold:   186        SH:  0    Dex: 15    Spells: 5 memorised, 12 levels left

rFire  . . .     SeeInvis .     l - +1 dagger (elec)
rCold  . . .     Clarity  .     a - +1 robe
rNeg   . . .     SustAb   .     (no shield)
rPois  .         Gourm    .     (no helmet)
rElec  .         Spirit   .     (no cloak)
rCorr  .         Warding  .     (no gloves)
rMut   .         Stasis   .     (no boots)
MR     .....                    (no amulet)
Stlth  +.........               n - ring of loudness (curse)
                                m - ring of wizardry

@: manticore barbs, not resistant to hostile enchantments, very unstealthy
A: no striking features
a: Renounce Religion


You were on level 6 of the Dungeon.
You worshipped Vehumet.
Vehumet was aware of your devotion.
You were not hungry.

You visited 1 branch of the dungeon, and saw 6 of its levels.

You collected 201 gold pieces.
You spent 15 gold pieces at shops.

Inventory:

Hand weapons
 l - a +1 dagger of electrocution (weapon)
Armour
 a - a +1 robe (worn)
Jewellery
 m - a ring of wizardry (left hand)
 n - a cursed ring of loudness (right hand)
Scrolls
 h - a scroll of identify
 j - a scroll of remove curse
 t - a scroll of magic mapping {unknown}
 v - a scroll of amnesia {unknown}
Potions
 d - 4 potions of might
 e - 2 potions of cancellation
 g - 2 potions of brilliance {unknown}
 i - a potion of lignification {unknown}
 k - a potion of flight {unknown}
 p - a potion of resistance {unknown}
 r - a potion of curing {unknown}
 u - a potion of agility {unknown}
Books
 c - a book of Conjurations

   Spells                             Type                      Level
   a - Magic Dart                     Conjuration                  1
   b - Searing Ray                    Conjuration                  2
   c - Dazzling Spray                 Conjuration/Hexes            3
   d - Fulminant Prism                Conjuration/Hexes            4
   e - Iskenderun's Mystic Blast      Conjuration                  4
   f - Iskenderun's Battlesphere      Conjuration/Charms           5
 w - a book of Power

   Spells                             Type                      Level
   a - Fulminant Prism                Conjuration/Hexes            4
   b - Iskenderun's Mystic Blast      Conjuration                  4
   c - Venom Bolt                     Conjuration/Poison           5
   d - Bolt of Magma                  Conjuration/Fire/Earth       5
   e - Iron Shot                      Conjuration/Earth            6
   f - Orb of Destruction             Conjuration                  7
   g - Spellforged Servitor           Conjuration/Summoning        7
Comestibles
 b - 5 bread rations
 f - a meat ration
 o - a royal jelly
 s - 5 fruits


   Skills:
 + Level 5.0 Dodging
 - Level 2.4 Stealth
 + Level 8.5 Spellcasting
 * Level 10.2 Conjurations
 + Level 7.1 Charms


You had 12 spell levels left.
You knew the following spells:

 Your Spells              Type           Power        Failure   Level  Hunger
a - Magic Dart            Conj           ####         1%          1    None
b - Searing Ray           Conj           ######       1%          2    None
c - Iskenderun's Battles  Conj/Chrm      ######..     2%          5    ####...
d - Flame Tongue          Conj/Fire      ####.        1%          1    None
f - Iskenderun's Mystic   Conj           ######..     1%          4    ##.....


Dungeon Overview and Level Annotations

Branches:
Dungeon (6/15)             Temple (0/1) D:5

Altars:
Gozag
Makhleb
Qazlal
Vehumet

Shops:
D:5 *


Message History

Press: ? - help, Shift-Dir - straight line, f - wyvern zombie
Aim: a wyvern zombie The orb of energy hits the wyvern zombie.
The orb of energy explodes!
The wyvern zombie bites you.
Casting: Iskenderun's Mystic Blast
Confirm with . or Enter, or press ? or * to list all spells.
Aiming: Iskenderun's Mystic Blast
Press: ? - help, Shift-Dir - straight line, f/p - wyvern zombie
Aim: a wyvern zombie The orb of energy hits the wyvern zombie.
The orb of energy explodes!
The wyvern zombie bites you!
* * * LOW HITPOINT WARNING * * *
Casting: Iskenderun's Mystic Blast
Confirm with . or Enter, or press ? or * to list all spells.
Aiming: Iskenderun's Mystic Blast
Press: ? - help, Shift-Dir - straight line, f/p - wyvern zombie
Aim: a wyvern zombie The orb of energy hits the wyvern zombie.
The orb of energy explodes!
The wyvern zombie bites you!
You die...

##'######### #...
#..†.......# #...
#..........# #... .
#..........# #...
..#######..........###...
##......##+####.....##...
............# #.....##...
.........##.####..........
.........@.....#.....##...
.$.....Z##.########.##...
........+................
##......##.########.##...
.................#.#####
#.######.######.#.##### .
..................
###.##...#.#.####.
#.##...#.#...)..


You could see a wyvern zombie.

Vanquished Creatures
  A manticore (D:6)
  An ogre (D:5)
  A phantom (D:4)
  A centaur (D:5)
  Blork the orc (D:4)
  20 jellies (D:5)
  2 scorpions (D:4)
  2 hounds (D:4)
  A quasit (D:5)
  4 worker ants
  Terence (D:3)
  A hound skeleton (D:4)
  Robin (D:2)
  8 gnolls
  A worker ant zombie (D:5)
  7 adders
  A shadow imp (D:5)
  2 worms
  5 giant geckos
  An ooze (D:1)
  5 orcs
  3 ball pythons
  11 bats
  7 giant cockroaches
  23 goblins
  16 hobgoblins
  17 jackals
  14 kobolds
  4 quokkas
  6 giant newts
  9 rats
177 creatures vanquished.

Notes
Turn   | Place    | Note
--------------------------------------------------------------
     0 | D:1      | MDvedh, the Deep Elf Conjurer, began the quest for the Orb.
     0 | D:1      | Reached XP level 1. HP: 10/10 MP: 5/5
   176 | D:1      | Reached XP level 2. HP: 9/15 MP: 0/8
   426 | D:1      | Reached skill level 5 in Conjurations
   688 | D:1      | Reached XP level 3. HP: 19/19 MP: 4/11
  1779 | D:2      | Reached XP level 4. HP: 24/24 MP: 10/15
  1810 | D:2      | Learned a level 2 spell: Searing Ray
  1956 | D:2      | Noticed Robin
  1981 | D:2      | Killed Robin
  2594 | D:3      | Reached skill level 6 in Conjurations
  2599 | D:3      | Reached XP level 5. HP: 26/28 MP: 7/18
  2813 | D:3      | Found a radiant altar of Vehumet.
  2993 | D:3      | Found a burning altar of Makhleb.
  2994 | D:3      | Noticed a balrug
  2999 | D:3      | Noticed a hellwing
  2999 | D:3      | Noticed a ynoxinul
  3026 | D:3      | Noticed a water elemental
  3045 | D:3      | Found a stormy altar of Qazlal.
  3046 | D:3      | Noticed an air elemental
  3046 | D:3      | Noticed a fire elemental
  3204 | D:3      | Learned a level 5 spell: Iskenderun's Battlesphere
  3361 | D:3      | Reached skill level 1 in Charms
  3536 | D:3      | Reached skill level 5 in Spellcasting
  3639 | D:3      | Noticed Terence
  3647 | D:3      | Killed Terence
  3915 | D:4      | Noticed a phantom
  3923 | D:4      | Killed a phantom
  3923 | D:4      | Reached XP level 6. HP: 30/32 MP: 9/21
  4003 | D:4      | Reached skill level 7 in Conjurations
  4288 | D:4      | Noticed Blork the orc
  4295 | D:4      | Killed Blork the orc
  4409 | D:4      | Reached XP level 7. HP: 29/36 MP: 17/23
  4639 | D:3      | Became a worshipper of Vehumet
  4666 | D:4      | Found an opulent altar of Gozag.
  4910 | D:5      | Entered Level 5 of the Dungeon
  4935 | D:5      | Reached skill level 8 in Conjurations
  5603 | D:5      | Found a staircase to the Ecumenical Temple.
  5651 | D:5      | Found Cish's General Store.
  5658 | D:5      | Bought a potion of poison for 15 gold pieces
  5665 | D:5      | Learned a level 4 spell: Iskenderun's Mystic Blast
  6002 | D:5      | Reached skill level 5 in Charms
  6217 | D:5      | Reached XP level 8. HP: 34/41 MP: 14/26
  6487 | D:5      | Reached skill level 9 in Conjurations
  7305 | D:5      | Acquired Vehumet's first power
  7305 | D:5      | Offered knowledge of Flame Tongue by Vehumet.
  7308 | D:5      | Learned a level 1 spell: Flame Tongue
  7829 | D:6      | Noticed a manticore
  7833 | D:6      | Killed a manticore
  7833 | D:6      | Reached skill level 5 in Dodging
  7833 | D:6      | Reached skill level 10 in Conjurations
  7833 | D:6      | Reached XP level 9. HP: 15/45 MP: 10/29
  7840 | D:6      | Mangled by a wyvern zombie

Action                   |  1- 3 |  4- 6 |  7- 9 || total
-------------------------+-------+-------+-------++-------
Melee: Dagger            |       |     1 |       ||     1
 Cast: Magic Dart        |    98 |   110 |   135 ||   343
       Searing Ray       |       |    18 |    25 ||    43
       Iskenderun's Myst |       |       |    18 ||    18
  Use: Scroll            |       |     5 |     2 ||     7
  Eat: Chunk             |     2 |     3 |     5 ||    10
       Meat ration       |       |     1 |     1 ||     2
       Pizza             |       |       |     1 ||     1
